 Dungeon Crawl Stone Soup version 0.30.0-11-gf55b779eaf (webtiles) character file.

Game seed: 11014805354204812847

214 Twinkles the Trooper (level 5, -9/34 HPs)
             Began as a Gargoyle Fighter on May 16, 2023.
             Mangled by an ogre
             ... wielding a +0 giant club
              (24 damage)
             ... on level 4 of the Dungeon.
             The game lasted 00:05:23 (2772 turns).

Twinkles the Trooper (Gargoyle Fighter)             Turns: 2772, Time: 00:05:23

Health: -9/34      AC: 15    Str: 22    XL:     5   Next: 91%
Magic:  5/5        EV: 14    Int:  8    God:
Gold:   174        SH:  4    Dex:  9    Spells: 4/4 levels left

rFire   . . .        a - +0 war axe
rCold   . . .        c - +0 buckler
rNeg    + . .        b - +0 scale mail
rPois   ∞            o - +0 helmet
rElec   +            t - +2 cloak
rCorr   .            (no gloves)
SInv    .            (no boots)
Will    .....        d - amulet of magic regeneration Stlth
                     i - +5 ring of evasion
HPRegen 0.25/turn    h - ring of flight
MPRegen 0.49/turn

%: no passive effects
@: flying
A: sickness immunity, AC +4, negative energy resistance 1, electricity
resistance, torment resistance 1, petrification resistance
a: no special abilities


You were on level 4 of the Dungeon.
You visited 1 branch of the dungeon, and saw 4 of its levels.

You collected 174 gold pieces.

Inventory:

Hand Weapons
 a - a +0 war axe (weapon)
 l - a +0 dagger of venom
Armour
 b - a +0 scale mail (worn)
 c - a +0 buckler (worn)
 o - a +0 helmet (worn)
 t - a +2 cloak (worn)
 u - a scarf of harm
Jewellery
 d - an amulet of magic regeneration (around neck)
 h - a ring of flight (right hand)
 i - a +5 ring of evasion (left hand)
 s - a ring of protection from fire
Wands
 j - a wand of polymorph (2)
 q - a wand of flame (35)
Scrolls
 e - 2 scrolls of poison {unknown}
 f - 3 scrolls of identify {unknown}
 r - a scroll of teleportation {unknown}
 v - a scroll of blinking {unknown}
 w - a scroll of fear {unknown}
 x - 2 scrolls of amnesia {unknown}
Potions
 g - a potion of ambrosia {unknown}
 k - a potion of degeneration {unknown}
 m - 2 potions of curing {unknown}
 n - a potion of resistance {unknown}
 p - a potion of heal wounds {unknown}
 L - 3 potions of flight
 M - a potion of might


   Skills:
 + Level 4.5 Fighting
 * Level 3.8 Axes
 + Level 4.4 Armour
 - Level 3.5 Shields


You had 4 spell levels left.
You didn't know any spells.
Your spell library contained the following spells:

 Spells                   Type           Power      Damage    Failure   Level
 Simulacrum               Ice/Necr       0%         N/A       100%        6
 Ozocubu's Refrigeration  Ice            0%         4d7       100%        7
 Polar Vortex             Ice            0%         N/A       100%        9


Dungeon Overview and Level Annotations

Branches:
Dungeon (4/15) Zot: 21144
 Temple: D:4-7

Altars:
Hepliaklqana
The Shining One

Shops:
D:1 =   D:2 !:


Innate Abilities, Weirdness & Mutations

You are immune to sickness and miasma.
Your stone body is resilient. (AC +4)
You are immune to poison.
You resist negative energy. (rN+)
You are resistant to electric shocks. (rElec)
You are resistant to unholy torment.
You are immune to petrification.


Message History

The hobgoblin shouts!
You see here a giant cockroach corpse.
The hobgoblin hits you but does no damage.
You slash the hobgoblin!
You kill the hobgoblin!
No target in view!
No target in view!
j - a wand of polymorph (2);
x - 2 scrolls labelled HUYMAM FUCS You see here a hobgoblin corpse.
You see here a hobgoblin corpse.
f - 3 scrolls labelled PANURISECK (gained 1)
An ogre comes into view. It is wielding a +0 giant club.
The ogre shouts!
Okay, then.
Unknown command.
An adder comes into view.
The adder hisses angrily.
The adder barely misses you. The adder closely misses you.
You slash the adder!
You kill the adder!
You hit the ogre.
The ogre is lightly wounded.
The ogre hits you but does no damage.
You hit the ogre but do no damage.
The ogre is lightly wounded.
The ogre hits you with a +0 giant club.
You hit the ogre but do no damage.
The ogre is lightly wounded.
The ogre barely misses you.
You hit the ogre but do no damage.
The ogre is lightly wounded.
The ogre hits you with a +0 giant club!
You slash the ogre!
The ogre is moderately wounded.
You block the ogre's attack.
You slash the ogre!
The ogre is severely wounded.
The ogre hits you with a +0 giant club!!
Ouch! That really hurt!
You die...

##### ...#
#.############
###............#
....##########.####
.##.# #...O@.# .##.#
#.#.##.######## ....#
#.#.##........####
.####
#.#....#.####....##
..#
#.#...............#
#.#
.##.#.#.###.###.#.#.#
#.# ..#.....#.#...#.#
#.# #.#
..###...#.#.###.###.#
#.##. #.##.#
#...............#


You could see an ogre.

Vanquished Creatures
  Ijyb (D:3)
  Jessica (D:3)
  2 orc wizards (D:3)
  Robin (D:3)
  2 adders
  4 worms
  A dart slug (D:1)
  5 orcs
  4 ball pythons
  6 endoplasms
  3 giant cockroaches
  16 goblins
  8 hobgoblins
  3 kobolds
  3 quokkas
  5 bats
  5 frilled lizards
  5 rats
75 creatures vanquished.

Notes
Turn   | Place    | Note
-------+----------+-------------------------------------------
     0 | D:1      | Twinkles the Gargoyle Fighter began the quest for the Orb.
     0 | D:1      | Reached XP level 1. HP: 14/14 MP: 1/1
   147 | D:1      | Reached XP level 2. HP: 19/19 MP: 2/2
   232 | D:1      | Found a faded altar of an unknown god.
   296 | D:1      | Found Boippaxt's Jewellery Emporium.
   721 | D:2      | Reached XP level 3. HP: 23/23 MP: 3/3
   758 | D:2      | Found Sink's Weapon Shop.
   786 | D:2      | Found Mesoug's Book Emporium.
  1010 | D:2      | Found Xeilin's Distillery.
  1652 | D:3      | Found a hazy altar of Hepliaklqana.
  1720 | D:3      | Noticed Robin
  1736 | D:3      | Reached XP level 4. HP: 20/29 MP: 4/4
  1784 | D:3      | Killed Robin
  1792 | D:3      | Reached XP level 5. HP: 15/33 MP: 5/5
  1884 | D:3      | Found a glowing golden altar of the Shining One.
  2051 | D:3      | Noticed Ijyb
  2065 | D:3      | Killed Ijyb
  2117 | D:3      | Noticed Jessica
  2122 | D:3      | Killed Jessica
  2743 | D:4      | Noticed an ogre
  2772 | D:4      | Mangled by an ogre

Illustrated notes

Levels and vault maps discovered:
D:1:      minmay_arrival_stair_chambers, layout_loops_ring,
          shapermc_ecumenical_altar_mp_vishouse, serial_shops, shop
D:2:      layout_loops_corners, serial_shops, shop, shop, shop
D:3:      layout_rooms, nzn_hepliaklqana_mist_gate, overflow_temple_1_default,
          kennysheep_pointless_box, uniq_robin, uniq_jessica, uniq_ijyb
D:4:      layout_loops_cross, minmay_misc_feat_nine_boxes, grunt_tough_drop

Skill      XL: |  1  2  3  4 |
---------------+-------------+-----
Axes           | 2 3 |  3.8
Fighting       | 4 |  4.5
Armour         | 4 |  4.4
Shields        | |  3.5

Action                     |  1- 3 |  4- 6 || total
---------------------------+-------+-------++-------
  Melee: War axe           |    93 |   120 ||   213
    Use: Potion            |       |     1 ||     1
 Armour: Scale mail        |    39 |    59 ||    98
  Dodge: Dodged            |    73 |    92 ||   165
  Block: Buckler           |    17 |    35 ||    52
